AoeStats
← ✪Lucho Jaraツ

Hill Fort

506580947Analyzed
2v2 RM · 18d ago on Sep 14, 2026· 56m 47s· 4 players
Game mode
Random Map
Map size
Medium (4 player)
Population
200
Speed
Normal
Resources
Standard
Victory
Conquest
Starting age
Dark Age
Ending age
Imperial Age
RankedLock teamsTeams togetherTeam positionsShared explorationLock speedFull tech treeHidden civsTurbo modeCheats
Victory
Defeat
🇺🇸 Ethiopians · United States
1159
+15
🇺🇸 Italians · United States
1155
+15
🇨🇱 Turks · Chile
1169
-16
🇨🇱 Tatars · Chile
1105
-14
h33posk
11:06 Feudal Age
11:16 Loom
12:56 Horse Collar
17:52 Castle Age
15:58 Horse Collar
18:22 Fletching
18:32 Padded Archer Armor
18:34 Gold Mining
18:32 Double-Bit Axe
23:54 Gold Shaft Mining
23:24 Heavy Plow
23:35 Bow Saw
24:33 Leather Archer Armor
24:13 Bodkin Arrow
28:28 Fervor
28:25 Town Watch
32:11 Wheelbarrow
31:40 Bodkin Arrow
35:30 Ballistics
36:11 Elite Skirmisher
40:29 Imperial Age
39:54 Hand Cart
41:56 Bracer
42:26 Ring Archer Armor
42:53 Conscription
✪Lucho Jaraツ
10:57 Feudal Age
14:37 Loom
18:29 Castle Age
20:58 Double-Bit Axe
22:20 Padded Archer Armor
23:29 Bow Saw
28:36 Scale Barding Armor
28:27 Horse Collar
31:17 Wheelbarrow
31:10 Chain Barding Armor
31:37 Bloodlines
32:07 Fletching
33:25 Hand Cart
36:53 Imperial Age
37:07 Husbandry
37:25 Bodkin Arrow
37:47 Town Watch
38:24 Forging
38:50 Plate Barding Armor
39:36 Two-Man Saw
41:54 Conscription
41:40 Artillery
43:05 Bracer
43:21 Leather Archer Armor
42:44 Elite Janissary
45:03 Hoardings
44:46 Heavy Plow
46:06 Ring Archer Armor
CaptKewl
9:42 Feudal Age
11:32 Loom
11:41 Double-Bit Axe
15:38 Fletching
20:31 Castle Age
19:08 Padded Archer Armor
20:37 Gold Mining
20:37 Crossbowman
21:34 Leather Archer Armor
22:09 Bow Saw
22:58 Wheelbarrow
31:38 Ballistics
31:55 Town Watch
33:05 Bodkin Arrow
40:20 Imperial Age
39:22 Horse Collar
40:34 Arbalester
43:28 Chemistry
43:03 Conscription
44:08 Hand Cart
43:57 Stone Mining
44:54 Masonry
45:34 Gold Shaft Mining
50:38 Two-Man Saw
50:07 Town Patrol
50:10 Bracer
50:42 Ring Archer Armor
50:21 Siege Engineers
50:56 Thumb Ring
52:58 Architecture
52:30 Scale Mail Armor
52:36 Scale Barding Armor
55:20 Torsion Engines
54:43 Heavy Scorpion
54:45 Capped Ram
CreasingCloth35
12:27 Feudal Age
12:58 Double-Bit Axe
13:39 Horse Collar
16:39 Castle Age
18:00 Bow Saw
18:23 Heavy Plow
20:03 Wheelbarrow
23:00 Stone Mining
23:01 Gold Mining
27:14 Scale Barding Armor
27:21 Forging
26:34 Light Cavalry
27:26 Bloodlines
27:17 Husbandry
28:42 Chain Barding Armor
32:50 Imperial Age
34:04 Conscription
33:39 Fletching
33:49 Padded Archer Armor
34:25 Plate Barding Armor
34:26 Iron Casting
33:17 Hussar
34:57 Bodkin Arrow
35:18 Leather Archer Armor
34:47 Elite Genoese Crossbowman
36:09 Ballistics
36:49 Chemistry
39:08 Bracer
39:38 Ring Archer Armor
39:44 Plate Barding Armor
39:45 Iron Casting
39:50 Thumb Ring
48:27 Blast Furnace
Connection lost

Rejoining the realm…

Still unreachable

The connection could not be restored.

Session expired

The server has moved on; the page needs a fresh start.